 Dungeon Crawl Stone Soup version 0.29.0-4-gdea44cf6ec (webtiles) character file.

Game seed: 984270696268505522

17446 qw the Grappler (level 12, -3/111 HPs)
             Began as a Troll Cinder Acolyte on Aug 30, 2022.
             Was an Elder of Okawaru.
             Slain by a killer bee (7 damage)
             ... on level 2 of the Lair of Beasts.
             The game lasted 00:05:51 (10252 turns).

qw the Grappler (Troll Cinder Acolyte)             Turns: 10252, Time: 00:05:51

Health: -3/111     AC: 11    Str: 29    XL:     12   Next: 19%
Magic:  14/14      EV: 13    Int: 10    God:    Okawaru [****..]
Gold:   665        SH: 17    Dex:  5    Spells: 13/13 levels left

rFire   . . .      SeeInvis .     - Unarmed
rCold   . . .      Faith    .   o - +0 tower shield
rNeg    . . .      Spirit   .   p - +2 steam dragon scales
rPois   +          Reflect  .   (helmet restricted)
rElec   .          Harm     .   q - +0 cloak
rCorr   .          Rampage  .   (gloves unavailable)
Will    +....                   (boots unavailable)
Stlth   ++........              (no amulet)
HPRegen 1.08/turn               f - ring of poison resistance
MPRegen 0.14/turn               n - +4 ring of evasion

@: lethally poisoned (-3 -> -8), about to teleport, heroic, fire susceptible
A: large, unfitting armour, claws 3, regeneration 1, shaggy fur 1, tough skin 1,
fire resistance 1, strong-willed 1, screaming 1, MP-powered wands
a: Renounce Religion, Heroism, Finesse


You were on level 2 of the Lair of Beasts.
You worshipped Okawaru.
Okawaru was greatly pleased with you.
You visited 3 branches of the dungeon, and saw 13 of its levels.

You collected 665 gold pieces.


Innate Abilities, Weirdness & Mutations

You are too large for most types of armour.
You have claws for hands.
Your natural rate of healing is unusually fast.
You are covered in fur. (AC +1)
You have tough skin. (AC +1)
Your flesh is heat resistant. (rF+)
You are strong-willed. (Will+)
You occasionally shout uncontrollably at your foes.
You expend magic power (3 MP) to strengthen your wands.


   Skills:
 - Level 5.5(10.5) Fighting
 - Level 1.6(6.6) Throwing
 - Level 2.0(7.0) Armour
 - Level 1.3(6.3) Dodging
 + Level 11.5(16.5) Shields
 - Level 13.3(18.3) Unarmed Combat
 - Level 1.0 Spellcasting
 - Level 2.1 Fire Magic
 + Level 4.8 Invocations


You had 13 spell levels left.
You didn't know any spells.
Your spell library contained the following spells:

 Spells                   Type           Power      Damage    Failure   Level
 Scorch                   Fire           8%         2d5       45%         2

Inventory:

Armour
 o - a +0 tower shield (worn)
 p - +2 steam dragon scales (worn)
 q - a +0 cloak (worn)
Jewellery
 a - a ring of ice
 f - a ring of poison resistance (left claw)
 n - a +4 ring of evasion (right claw)
 r - a ring of fire
Scrolls
 e - a scroll of identify
 m - 2 scrolls of teleportation
Potions
 c - 5 potions of curing
 g - a potion of haste
 h - a potion of mutation
 i - a potion of resistance
 j - a potion of might
 k - a potion of cancellation
 l - a potion of degeneration {unknown}
 t - a potion of magic {unknown}

Dungeon Overview and Level Annotations

Branches:
Dungeon (10/15)            Temple (1/1) D:7            Lair (2/5) D:10
 Shoals (0/4) Lair:2        Snake (0/4) Lair:2
    Orc: D:9-12

Altars:
Hepliaklqana
Okawaru
Qazlal
Vehumet
Yredelemnul
Zin

Shops:
D:4 **   D:7 :


Message History

You feel sick. You block the killer bee's attack. x2
The killer bee stings you but does no damage.
You block the killer bee's attack. The killer bee closely misses you.
The killer bee stings you. The killer bee barely misses you. x2
You claw the killer bee!
The killer bee is moderately wounded.
You feel sick. You block the killer bee's attack.
The killer bee barely misses you. The killer bee stings you!
You block the killer bee's attack. x2; The killer bee barely misses you.
The killer bee closely misses you. The killer bee stings you.
The killer bee barely misses you. The killer bee completely misses you.
10250 ||| READING 3 scrolls of teleportation.
As you read the scroll of teleportation, it crumbles to dust.
You feel strangely unstable.
You feel sick.
The killer bee stings you but does no damage.
You block the killer bee's attack. The killer bee stings you.
You block the killer bee's attack. The killer bee completely misses you.
You block the killer bee's attack. The killer bee barely misses you.
You block the killer bee's attack. x2; The killer bee closely misses you.
The killer bee stings you but does no damage.
10251 ||| DRINKING potion of heal wounds.
You feel much better.
You feel sick. The killer bee completely misses you. The killer bee stings you.
You block the killer bee's attack. The killer bee stings you.
You block the killer bee's attack. x2; The killer bee stings you!
You block the killer bee's attack.
The killer bee stings you but does no damage.
The killer bee stings you.
The killer bee stings you but does no damage.
You completely miss the killer bee.
The killer bee is moderately wounded.
You block the killer bee's attack.
The killer bee stings you but does no damage.
You block the killer bee's attack. The killer bee stings you.
You are more poisoned.
The killer bee poisons you! The killer bee stings you.
You are lethally poisoned!
The killer bee poisons you! The killer bee stings you!
You die...

#........# #.
#.%..#...##...
##...#.....#..
#............
#...#........
#............
##y.[#..........
#yyy.....###...#
#@yy.....# #...###
##yy.%...###....#.
#yy......##....#.
#...#...###......
##.......##.......
#..%.....##.......
###.####.###....P.
#%. #.# #......
#.. #.# #...#..


You could see 10 killer bees.

Vanquished Creatures
  Fannar (Lair:1)
  3 two-headed ogres
  2 death yaks (D:10)
  10 elephants
  2 cane toads (Lair:1)
  2 komodo dragons
  A queen bee (Lair:2)
  3 blink frogs (Lair:2)
  A vampire (D:9)
  4 wyverns
  A basilisk (Lair:1)
  15 yaks
  3 fire elementals (Lair:1)
  2 steam dragons
  4 nagas (Lair:2)
  7 water moccasins
  2 black bears (D:5)
  4 orc warriors
  An ice beast (D:7)
  A sky beast (D:7)
  3 ogres
  4 centaurs
  A phantom (D:6)
  3 kobold brigands
  2 scorpions
  7 bullfrogs
  2 necrophages
  2 gnoll sergeants
  5 wights
  13 killer bees
  5 howler monkeys
  An electric eel (D:9)
  5 hounds
  A jelly (D:6)
  4 orc priests
  4 iguanas
  4 orc wizards
  A hell rat (D:10)
  14 gnolls
  4 adders
  A river rat (D:10)
  3 shadow imps
  2 white imps
  2 ufetubi (D:5)
  2 worms
  3 dart slugs
  16 orcs
  2 ball pythons
  7 endoplasms
  3 giant cockroaches
  12 goblins
  4 hobgoblins (D:2)
  4 jackals (D:2)
  4 quokkas
  3 bats
  A frilled lizard (D:1)
  16 kobolds
  7 rats
246 creatures vanquished.

Vanquished Creatures (others)
  5 fungi
  18 plants
23 creatures vanquished.

Grand Total: 269 creatures vanquished

Notes
Turn   | Place    | Note
-------+----------+-------------------------------------------
     0 | D:1      | qw the Troll Cinder Acolyte began the quest for the Orb.
     0 | D:1      | Reached XP level 1. HP: 22/22 MP: 1/1
     0 | D:1      | 0 ||| qw: Version: 0.1-a-95-gae9e614
     0 | D:1      | 0 ||| qw: Game counter: 4374
     0 | D:1      | 0 ||| qw: Always use a shield: true
     0 | D:1      | 0 ||| qw: God list: Okawaru
     0 | D:1      | 0 ||| qw: Allow faded altars: false
     0 | D:1      | 0 ||| qw: Do Orc after D:15 true
     0 | D:1      | 0 ||| qw: Do second Lair branch before Depths: true
     0 | D:1      | 0 ||| qw: Lair rune preference: random
     0 | D:1      | 0 ||| qw: Plans: Normal
     0 | D:1      | 0 ||| PLANNING D:1-11
   147 | D:1      | Found a stormy altar of Qazlal.
   194 | D:1      | 194 ||| Stepping ~*~*~tactically~*~*~ (hiding).
   457 | D:1      | Reached XP level 2. HP: 27/29 MP: 2/2
   948 | D:1      | 948 ||| UPGRADING to ring of poison resistance.
   949 | D:1      | 949 ||| READING scroll labelled ROAL QYROUPTA.
   950 | D:1      | 950 ||| READING scroll labelled RAH NUDAINLAUDUI.
   951 | D:1      | 951 ||| READING 2 scrolls labelled ROILUTSUUT.
   952 | D:1      | 952 ||| READING scroll labelled LAENOR MAEDGH.
   953 | D:1      | 953 ||| READING scroll labelled NOOWE TAKAY.
  1105 | D:2      | 1105 ||| STAIRDANCE
  1177 | D:2      | Reached skill level 4 in Unarmed Combat
  1374 | D:2      | 1374 ||| INVOKING Fiery Armour.
  1376 | D:2      | 1376 ||| Stepping ~*~*~tactically~*~*~ (outnumbered).
  1379 | D:2      | Reached XP level 3. HP: 34/36 MP: 3/3
  1533 | D:2      | 1533 ||| INVOKING Fiery Armour.
  1566 | D:2      | Found a faded altar of an unknown god.
  1865 | D:2      | 1865 ||| UPGRADING to +0 kite shield.
  1870 | D:2      | 1870 ||| READING scroll labelled KAGIS ZESY.
  1871 | D:2      | 1871 ||| READING scroll labelled WIUTINUCLO.
  1872 | D:2      | 1872 ||| READING 2 scrolls of identify.
  1872 | D:2      | 1872 ||| IDENTIFYING metallic orange potion
  2024 | D:3      | 2024 ||| Stepping ~*~*~tactically~*~*~ (hiding).
  2026 | D:3      | 2026 ||| INVOKING Fiery Armour.
  2030 | D:3      | Reached XP level 4. HP: 44/44 MP: 4/4
  2031 | D:3      | Reached skill level 1 in Shields
  2036 | D:3      | 2036 ||| Stepping ~*~*~tactically~*~*~ (outnumbered).
  2055 | D:3      | 2055 ||| FLEEEEING.
  2056 | D:3      | 2056 ||| FLEEEEING.
  2058 | D:3      | 2058 ||| FLEEEEING.
  2061 | D:3      | 2061 ||| FLEEEEING.
  2062 | D:3      | 2062 ||| FLEEEEING.
  2063 | D:3      | 2063 ||| FLEEEEING.
  2064 | D:3      | 2064 ||| FLEEEEING.
  2065 | D:3      | 2065 ||| FLEEEEING.
  2067 | D:3      | 2067 ||| FLEEEEING.
  2093 | D:3      | 2093 ||| Stepping ~*~*~tactically~*~*~ (stealth).
  2383 | D:3      | 2383 ||| Stepping ~*~*~tactically~*~*~ (stealth).
  2386 | D:3      | 2386 ||| Stepping ~*~*~tactically~*~*~ (stealth).
  2389 | D:3      | 2389 ||| Stepping ~*~*~tactically~*~*~ (hiding).
  2398 | D:3      | 2398 ||| Stepping ~*~*~tactically~*~*~ (stealth).
  2444 | D:3      | Reached XP level 5. HP: 44/50 MP: 5/5
  2601 | D:3      | 2601 ||| DRINKING 3 lumpy green potions.
  2690 | D:4      | 2690 ||| Stepping ~*~*~tactically~*~*~ (hiding).
  2692 | D:4      | 2692 ||| Stepping ~*~*~tactically~*~*~ (hiding).
  2697 | D:4      | 2697 ||| INVOKING Fiery Armour.
  2699 | D:4      | Reached skill level 3 in Shields
  2890 | D:4      | Found Faywn's Fabulous Fripperies.
  2897 | D:4      | 2897 ||| SHOPLISTING +0 fire dragon scales (600 gold, have
                  | 185).
  2905 | D:4      | Found Loal's Elemental Accessories.
  2912 | D:4      | 2912 ||| READING 2 scrolls of identify.
  2912 | D:4      | 2912 ||| IDENTIFYING fuming red potion
  3481 | D:4      | 3481 ||| READING scroll labelled PUELUOFF ENGO.
  3482 | D:4      | 3482 ||| READING 2 scrolls labelled RENOCE LA PIDDOGO.
  3486 | D:4      | 3486 ||| DRINKING 2 silvery potions.
  3487 | D:4      | 3487 ||| DROPPING potion of berserk rage.
  3488 | D:4      | 3488 ||| DROPPING potion of brilliance.
  3521 | D:5      | Entered Level 5 of the Dungeon
  3565 | D:5      | Noticed a centaur
  3569 | D:5      | Reached skill level 5 in Unarmed Combat
  3569 | D:5      | Reached XP level 6. HP: 48/59 MP: 6/6
  3569 | D:5      | 3569 ||| Stepping ~*~*~tactically~*~*~ (hiding).
  3581 | D:5      | 3581 ||| Stepping ~*~*~tactically~*~*~ (stealth).
  3582 | D:5      | 3582 ||| Stepping ~*~*~tactically~*~*~ (stealth).
  3614 | D:5      | 3614 ||| Stepping ~*~*~tactically~*~*~ (stealth).
  3623 | D:5      | 3623 ||| INVOKING Fiery Armour.
  3625 | D:5      | Reached skill level 6 in Unarmed Combat
  3722 | D:5      | Identified the +1 scale mail "Suomure" {Fly rC+}
  3733 | D:5      | Reached XP level 7. HP: 60/66 MP: 7/7
  3780 | D:5      | Noticed a steam dragon
  3781 | D:5      | 3781 ||| INVOKING Fiery Armour.
  3802 | D:5      | Killed a steam dragon
  3803 | D:5      | Reached skill level 7 in Unarmed Combat
  4272 | D:5      | 4272 ||| UPGRADING to +0 steam dragon scales.
  4282 | D:5      | 4282 ||| DROPPING +0 robe.
  4283 | D:5      | 4283 ||| UPGRADING to +4 ring of evasion.
  4284 | D:5      | 4284 ||| READING scroll labelled AVVEYST HEUNE.
  4285 | D:5      | 4285 ||| READING scroll labelled QISMIAXAOC.
  4286 | D:5      | 4286 ||| DRINKING 2 glowing sapphire potions.
  4286 | D:5      | Gained mutation: Your flesh is heat resistant. (rF+)
                  | [potion of mutation]
  4286 | D:5      | Gained mutation: You occasionally shout uncontrollably at
                  | your foes. [potion of mutation]
  4286 | D:5      | Gained mutation: You are strong-willed. (Will+) [potion of
                  | mutation]
  4286 | D:5      | Gained mutation: You expend magic power (3 MP) to
                  | strengthen your wands. [potion of mutation]
  4287 | D:5      | 4287 ||| READING 3 scrolls of identify.
  4287 | D:5      | 4287 ||| IDENTIFYING emerald potion
  4288 | D:5      | 4288 ||| READING 2 scrolls of identify.
  4288 | D:5      | 4288 ||| IDENTIFYING fizzy yellow potion
  4289 | D:5      | 4289 ||| DROPPING potion of ambrosia.
  4290 | D:5      | 4290 ||| DROPPING potion of flight.
  4317 | D:6      | 4317 ||| Stepping ~*~*~tactically~*~*~ (hiding).
  4318 | D:6      | 4318 ||| Stepping ~*~*~tactically~*~*~ (hiding).
  4326 | D:6      | Reached XP level 8. HP: 74/74 MP: 8/8
  4507 | D:6      | Reached skill level 6 in Shields
  4556 | D:6      | 4556 ||| Stepping ~*~*~tactically~*~*~ (hiding).
  4558 | D:6      | 4558 ||| Stepping ~*~*~tactically~*~*~ (hiding).
  4559 | D:6      | 4559 ||| Stepping ~*~*~tactically~*~*~ (hiding).
  4562 | D:6      | 4562 ||| INVOKING Fiery Armour.
  4564 | D:6      | 4564 ||| Stepping ~*~*~tactically~*~*~ (outnumbered).
  4566 | D:6      | 4566 ||| Stepping ~*~*~tactically~*~*~ (outnumbered).
  4570 | D:6      | 4570 ||| Stepping ~*~*~tactically~*~*~ (outnumbered).
  4571 | D:6      | 4571 ||| Stepping ~*~*~tactically~*~*~ (outnumbered).
  4572 | D:6      | 4572 ||| Stepping ~*~*~tactically~*~*~ (outnumbered).
  4574 | D:6      | 4574 ||| Stepping ~*~*~tactically~*~*~ (outnumbered).
  4585 | D:6      | Reached skill level 8 in Unarmed Combat
  4659 | D:6      | Reached skill level 3 in Fighting
  4671 | D:6      | 4671 ||| FLEEEEING.
  4672 | D:6      | 4672 ||| FLEEEEING.
  4682 | D:6      | 4682 ||| FLEEEEING.
  4683 | D:6      | Reached skill level 9 in Unarmed Combat
  4683 | D:6      | 4683 ||| FLEEEEING.
  4684 | D:6      | 4684 ||| FLEEEEING.
  4685 | D:6      | 4685 ||| FLEEEEING.
  4692 | D:6      | Reached skill level 1 in Throwing
  4705 | D:6      | 4705 ||| Stepping ~*~*~tactically~*~*~ (stealth).
  4707 | D:6      | 4707 ||| Stepping ~*~*~tactically~*~*~ (stealth).
  4708 | D:6      | 4708 ||| Stepping ~*~*~tactically~*~*~ (stealth).
  4733 | D:6      | Reached skill level 1 in Armour
  4816 | D:6      | 4816 ||| INVOKING Fiery Armour.
  4827 | D:6      | Reached XP level 9. HP: 78/81 MP: 9/9
  4992 | D:6      | 4992 ||| READING scroll labelled MIALOW JOOF.
  5030 | D:6      | 5030 ||| READING 2 scrolls labelled PUYZIO VUMACA.
  5031 | D:6      | 5031 ||| READING scroll of enchant armour.
  5031 | D:6      | 5031 ||| ENCHANTING +0 steam dragon scales.
  5146 | D:7      | 5146 ||| Stepping ~*~*~tactically~*~*~ (stealth).
  5148 | D:7      | 5148 ||| Stepping ~*~*~tactically~*~*~ (stealth).
  5205 | D:7      | Reached skill level 1 in Dodging
  5327 | D:7      | Found Ozxiofer's Book Emporium.
  5470 | D:7      | Found a staircase to the Ecumenical Temple.
  5515 | D:7      | Reached skill level 10 in Unarmed Combat
  5744 | D:7      | Found a radiant altar of Vehumet.
  5888 | D:7      | 5888 ||| READING scroll labelled QOEWUQOENY.
  6025 | D:8      | 6025 ||| Stepping ~*~*~tactically~*~*~ (stealth).
  6032 | D:8      | 6032 ||| Stepping ~*~*~tactically~*~*~ (stealth).
  6033 | D:8      | 6033 ||| Stepping ~*~*~tactically~*~*~ (stealth).
  6034 | D:8      | 6034 ||| Stepping ~*~*~tactically~*~*~ (stealth).
  6037 | D:8      | 6037 ||| Stepping ~*~*~tactically~*~*~ (stealth).
  6038 | D:8      | 6038 ||| Stepping ~*~*~tactically~*~*~ (outnumbered).
  6039 | D:8      | 6039 ||| Stepping ~*~*~tactically~*~*~ (stealth).
  6044 | D:8      | 6044 ||| Stepping ~*~*~tactically~*~*~ (outnumbered).
  6045 | D:8      | 6045 ||| Stepping ~*~*~tactically~*~*~ (outnumbered).
  6062 | D:8      | 6062 ||| INVOKING Fiery Armour.
  6154 | D:8      | 6154 ||| Stepping ~*~*~tactically~*~*~ (stealth).
  6197 | D:8      | Reached XP level 10. HP: 92/92 MP: 10/10
  6229 | D:8      | Found a flagged portal.
  6462 | D:8      | 6462 ||| Stepping ~*~*~tactically~*~*~ (stealth).
  6666 | D:8      | 6666 ||| READING scroll labelled VAIZXA JEWETROY.
  6748 | D:9      | 6748 ||| Stepping ~*~*~tactically~*~*~ (outnumbered).
  6749 | D:9      | 6749 ||| Stepping ~*~*~tactically~*~*~ (outnumbered).
  6750 | D:9      | 6750 ||| Stepping ~*~*~tactically~*~*~ (outnumbered).
  6751 | D:9      | 6751 ||| Stepping ~*~*~tactically~*~*~ (outnumbered).
  6752 | D:9      | 6752 ||| Stepping ~*~*~tactically~*~*~ (outnumbered).
  6753 | D:9      | 6753 ||| Stepping ~*~*~tactically~*~*~ (outnumbered).
  6755 | D:9      | 6755 ||| Stepping ~*~*~tactically~*~*~ (outnumbered).
  6862 | D:9      | Reached skill level 11 in Unarmed Combat
  6951 | D:9      | Noticed a two-headed ogre
  6958 | D:9      | Killed a two-headed ogre
  6961 | D:9      | 6961 ||| FLEEEEING.
  6962 | D:9      | 6962 ||| FLEEEEING.
  6963 | D:9      | 6963 ||| FLEEEEING.
  6964 | D:9      | 6964 ||| FLEEEEING.
  6965 | D:9      | 6965 ||| FLEEEEING.
  6966 | D:9      | 6966 ||| FLEEEEING.
  6967 | D:9      | 6967 ||| FLEEEEING.
  6968 | D:9      | 6968 ||| FLEEEEING.
  6969 | D:9      | 6969 ||| FLEEEEING.
  6970 | D:9      | 6970 ||| FLEEEEING.
  6971 | D:9      | 6971 ||| FLEEEEING.
  6972 | D:9      | 6972 ||| FLEEEEING.
  6973 | D:9      | 6973 ||| FLEEEEING.
  6974 | D:9      | 6974 ||| FLEEEEING.
  6975 | D:9      | 6975 ||| FLEEEEING.
  6976 | D:9      | 6976 ||| FLEEEEING.
  6977 | D:9      | 6977 ||| FLEEEEING.
  6978 | D:9      | 6978 ||| FLEEEEING.
  6979 | D:9      | 6979 ||| FLEEEEING.
  6980 | D:9      | 6980 ||| FLEEEEING.
  6981 | D:9      | 6981 ||| FLEEEEING.
  6982 | D:9      | 6982 ||| FLEEEEING.
  6983 | D:9      | 6983 ||| FLEEEEING.
  6984 | D:9      | 6984 ||| FLEEEEING.
  6985 | D:9      | 6985 ||| FLEEEEING.
  6991 | D:9      | 6991 ||| Stepping ~*~*~tactically~*~*~ (outnumbered).
  6992 | D:9      | 6992 ||| Stepping ~*~*~tactically~*~*~ (outnumbered).
  6994 | D:9      | 6994 ||| Stepping ~*~*~tactically~*~*~ (outnumbered).
  6995 | D:9      | 6995 ||| Stepping ~*~*~tactically~*~*~ (outnumbered).
  7063 | D:9      | 7063 ||| INVOKING Fiery Armour.
  7067 | D:9      | HP: 18/92 [electric eel/bolt of electricity (15)]
  7068 | D:9      | 7068 ||| READING 5 scrolls of teleportation.
  7069 | D:9      | 7069 ||| DRINKING 2 potions of heal wounds.
  7070 | D:9      | 7070 ||| DRINKING potion of heal wounds.
  7073 | D:9      | Reached skill level 9 in Shields
  7228 | D:9      | 7228 ||| Stepping ~*~*~tactically~*~*~ (hiding).
  7366 | D:9      | Noticed a two-headed ogre
  7374 | D:9      | Killed a two-headed ogre
  7629 | D:9      | 7629 ||| UPGRADING to +0 cloak.
  7634 | D:9      | 7634 ||| READING scroll labelled HOAWYF SOTIOSH.
  7634 | D:9      | Identified a scroll of acquirement
  7634 | D:9      | 7634 ||| ACQUIRING +0 robe "Sufexeppu" {*Slow rPois rN+
                  | Str+2}
  7634 | D:9      | Acquired the +0 robe "Sufexeppu" {*Slow rPois rN+ Str+2}
  7636 | D:9      | 7636 ||| READING scroll labelled KINUED PUMU.
  7637 | D:9      | 7637 ||| DRINKING 2 fizzy grey potions.
  7638 | D:9      | 7638 ||| DRINKING 2 pink potions.
  7660 | D:9      | 7660 ||| READING 3 scrolls of identify.
  7660 | D:9      | 7660 ||| IDENTIFYING cyan potion
  7661 | D:9      | 7661 ||| READING 2 scrolls of identify.
  7661 | D:9      | 7661 ||| IDENTIFYING murky black potion
  7662 | D:9      | 7662 ||| DROPPING potion of lignification.
  7683 | D:10     | Entered Level 10 of the Dungeon
  7716 | D:10     | 7716 ||| Stepping ~*~*~tactically~*~*~ (hiding).
  7717 | D:10     | 7717 ||| Stepping ~*~*~tactically~*~*~ (hiding).
  7719 | D:10     | 7719 ||| STAIRDANCE
  7722 | D:9      | Reached skill level 12 in Unarmed Combat
  7824 | D:10     | 7824 ||| STAIRDANCE
  7853 | D:10     | 7853 ||| STAIRDANCE
  7855 | D:9      | 7855 ||| INVOKING Fiery Armour.
  8031 | D:10     | Found a staircase to the Lair.
  8031 | D:10     | Noticed a death yak
  8031 | D:10     | Noticed a death yak
  8032 | D:10     | 8032 ||| INVOKING Fiery Armour.
  8032 | D:10     | Noticed a death yak
  8033 | D:10     | 8033 ||| Stepping ~*~*~tactically~*~*~ (stealth).
  8037 | D:10     | 8037 ||| Stepping ~*~*~tactically~*~*~ (stealth).
  8040 | D:10     | 8040 ||| Stepping ~*~*~tactically~*~*~ (outnumbered).
  8052 | D:10     | Killed a death yak
  8054 | D:10     | HP: 13/96 [death yak (21)]
  8055 | D:10     | 8055 ||| READING 6 scrolls of teleportation.
  8058 | D:10     | Killed a death yak
  8171 | D:10     | 8171 ||| Stepping ~*~*~tactically~*~*~ (stealth).
  8172 | D:10     | 8172 ||| Stepping ~*~*~tactically~*~*~ (stealth).
  8195 | D:10     | Reached XP level 11. HP: 104/104 MP: 11/11
  8265 | D:10     | Noticed a two-headed ogre
  8275 | D:10     | 8275 ||| INVOKING Fiery Armour.
  8276 | D:10     | HP: 26/104 [two-headed ogre/+0 dire flail (7)]
  8277 | D:10     | 8277 ||| READING 5 scrolls of teleportation.
  8277 | D:10     | Killed a two-headed ogre
  8430 | D:10     | 8430 ||| PLANNING TEMPLE
  8604 | Temple   | Entered the Ecumenical Temple
  8630 | Temple   | 8630 ||| PLANNING CONVERSION TO OKAWARU
  8634 | Temple   | Fell from the grace of Ignis
  8634 | Temple   | Became a worshipper of Warmaster Okawaru
  8635 | Temple   | 8635 ||| PLANNING LAIR
  8813 | D:10     | 8813 ||| Stepping ~*~*~tactically~*~*~ (stealth).
  8839 | D:10     | 8839 ||| Stepping ~*~*~tactically~*~*~ (stealth).
  8851 | Lair:1   | Entered Level 1 of the Lair of Beasts
  8857 | Lair:1   | Noticed Fannar
  8874 | Lair:1   | HP: 14/104 [Fannar/bolt of cold (35)]
  8875 | Lair:1   | 8875 ||| READING 4 scrolls of teleportation.
  8876 | Lair:1   | Killed Fannar
  8877 | Lair:1   | Reached skill level 13 in Unarmed Combat
  9077 | Lair:1   | 9077 ||| Stepping ~*~*~tactically~*~*~ (outnumbered).
  9078 | Lair:1   | 9078 ||| Stepping ~*~*~tactically~*~*~ (outnumbered).
  9079 | Lair:1   | 9079 ||| Stepping ~*~*~tactically~*~*~ (outnumbered).
  9080 | Lair:1   | 9080 ||| Stepping ~*~*~tactically~*~*~ (outnumbered).
  9082 | Lair:1   | 9082 ||| Stepping ~*~*~tactically~*~*~ (outnumbered).
  9083 | Lair:1   | 9083 ||| Stepping ~*~*~tactically~*~*~ (outnumbered).
  9088 | Lair:1   | 9088 ||| Stepping ~*~*~tactically~*~*~ (outnumbered).
  9091 | Lair:1   | 9091 ||| Stepping ~*~*~tactically~*~*~ (outnumbered).
  9102 | Lair:1   | Reached * piety under Okawaru
  9145 | Lair:1   | Reached skill level 1 in Invocations
  9157 | Lair:1   | 9157 ||| INVOKING Heroism.
  9280 | Lair:1   | 9280 ||| INVOKING Heroism.
  9281 | Lair:1   | 9281 ||| INVOKING Heroism.
  9424 | Lair:1   | 9424 ||| INVOKING Heroism.
  9425 | Lair:1   | 9425 ||| Stepping ~*~*~tactically~*~*~ (outnumbered).
  9426 | Lair:1   | 9426 ||| Stepping ~*~*~tactically~*~*~ (outnumbered).
  9427 | Lair:1   | 9427 ||| Stepping ~*~*~tactically~*~*~ (outnumbered).
  9428 | Lair:1   | 9428 ||| Stepping ~*~*~tactically~*~*~ (outnumbered).
  9440 | Lair:1   | Reached ** piety under Okawaru
  9443 | Lair:1   | 9443 ||| INVOKING Heroism.
  9444 | Lair:1   | HP: 24/104 [elephant (3)]
  9445 | Lair:1   | 9445 ||| READING 3 scrolls of teleportation.
  9445 | Lair:1   | HP: 8/104 [elephant (11)]
  9446 | Lair:1   | 9446 ||| DRINKING potion of heal wounds.
  9449 | Lair:1   | Reached skill level 3 in Invocations
  9527 | Lair:1   | 9527 ||| READING scroll of enchant armour.
  9527 | Lair:1   | 9527 ||| ENCHANTING +1 steam dragon scales.
  9597 | Lair:1   | 9597 ||| INVOKING Heroism.
  9702 | Lair:1   | You fall into a shaft and drop 1 floor!
  9702 | Lair:2   | Found a staircase to the Shoals.
  9706 | Lair:2   | 9706 ||| INVOKING Heroism.
  9731 | Lair:2   | 9731 ||| DROPPING +0 robe "Sufexeppu" {*Slow rPois rN+
                  | Str+2}.
  9732 | Lair:2   | 9732 ||| UPGRADING to +0 tower shield.
  9742 | Lair:2   | 9742 ||| INVOKING Heroism.
  9749 | Lair:2   | Reached *** piety under Okawaru
  9753 | Lair:2   | 9753 ||| DROPPING +0 kite shield.
  9852 | Lair:1   | 9852 ||| INVOKING Heroism.
  9949 | Lair:1   | You fall into a shaft and drop 1 floor!
  9959 | Lair:2   | 9959 ||| Stepping ~*~*~tactically~*~*~ (hiding).
  9960 | Lair:2   | 9960 ||| Stepping ~*~*~tactically~*~*~ (hiding).
  9960 | Lair:2   | Found a staircase to the Snake Pit.
  9967 | Lair:2   | 9967 ||| INVOKING Heroism.
 10004 | Lair:2   | 10004 ||| Stepping ~*~*~tactically~*~*~ (hiding).
 10020 | Lair:2   | 10020 ||| INVOKING Heroism.
 10086 | Lair:1   | You fall into a shaft and drop 1 floor!
 10091 | Lair:2   | 10091 ||| INVOKING Heroism.
 10092 | Lair:2   | 10092 ||| Stepping ~*~*~tactically~*~*~ (outnumbered).
 10093 | Lair:2   | 10093 ||| Stepping ~*~*~tactically~*~*~ (outnumbered).
 10094 | Lair:2   | 10094 ||| Stepping ~*~*~tactically~*~*~ (outnumbered).
 10097 | Lair:2   | Reached XP level 12. HP: 99/111 MP: 11/14
 10101 | Lair:2   | Reached **** piety under Okawaru
 10202 | Lair:2   | 10202 ||| INVOKING Heroism.
 10219 | Lair:2   | 10219 ||| Stepping ~*~*~tactically~*~*~ (outnumbered).
 10222 | Lair:2   | 10222 ||| Stepping ~*~*~tactically~*~*~ (outnumbered).
 10223 | Lair:2   | 10223 ||| Stepping ~*~*~tactically~*~*~ (outnumbered).
 10226 | Lair:2   | 10226 ||| Stepping ~*~*~tactically~*~*~ (outnumbered).
 10227 | Lair:2   | 10227 ||| Stepping ~*~*~tactically~*~*~ (outnumbered).
 10236 | Lair:2   | 10236 ||| INVOKING Heroism.
 10246 | Lair:2   | Received a gift from Okawaru
 10249 | Lair:2   | HP: 23/111 [killer bee (12)]
 10250 | Lair:2   | 10250 ||| READING 3 scrolls of teleportation.
 10251 | Lair:2   | 10251 ||| DRINKING potion of heal wounds.
 10251 | Lair:2   | HP: 10/111 [killer bee (13)]
 10252 | Lair:2   | HP: 4/111 [killer bee (1)]
 10252 | Lair:2   | Slain by a killer bee

Levels and vault maps discovered:
D:1:      dpeg_arrival_water_altar, layout_loops_corners,
          minmay_misc_feat_roman, kennysheep_another_room
D:2:      cheibrodos_greedy_goblins, layout_loops_ring,
          hellmonk_ecumenical_altar_dog_temple, st_stairs_5
D:3:      layout_loops_cross
D:4:      layout_loops_ring, chequers_serial_rivers_large_b,
          nicolae_elemental_shop, ldierk_geyser, nicolae_alphabet_shops,
          minmay_misc_feat_ornament, kennysheep_generic_room_11
D:5:      minmay_opposing_rooms, layout_loops_cross
D:6:      layout_cave_pools
D:7:      layout_basic, vehumet_crystals, lemuel_temple_firewalk_b,
          serial_shops, shop
D:8:      gammafunk_indiana_jones, layout_loops_ring, enter_bailey_8,
          minmay_curled_crystal
D:9:      layout_irregular_city, serial_bayou, serial_bayou_pond_d,
          serial_bayou_pond_c, serial_bayou_pond_e, serial_bayou_lake_a,
          serial_bayou_pond_b, serial_bayou_ford_a
D:10:     layout_stronghold, dpeg_lair_monsters, nicolae_trove_entry_diagonal
Temple:   mainiacjoe_temple_hex_bubbles
Lair:1:   layout_chaotic_city, lemuel_fruit_fields, uniq_fannar
Lair:2:   layout_long_grid, minmay_shoals_entry_centaurs,
          guppyfry_snake_entry_island, special_room [special_room_bee]

Skill      XL: |  1  2  3  4  5  6  7  8  9 10 11 |
---------------+----------------------------------+-----
Unarmed Combat | 4 5 6 7 9 10 12 13 | 13.3
Shields        | 2 4 5 6 8 9 11 | 11.5
Fighting       | 3 4 5 |  5.5
Throwing       | 1 |  1.6
Armour         | 1 2 |  2.0
Dodging        | 1 |  1.3
Invocations    | 4 |  4.8
Spellcasting   | |  1.0
Fire Magic     | |  2.1

Action                   |  1- 3 |  4- 6 |  7- 9 | 10-12 || total
-------------------------+-------+-------+-------+-------++-------
Melee: Unarmed           |    90 |   133 |   225 |   413 ||   861
       Punch             |     1 |       |       |       ||     1
Throw: Boomerang         |       |       |     2 |       ||     2
Invok: Fiery Armour      |     3 |     2 |     4 |     4 ||    13
       Heroism           |       |       |       |    13 ||    13
  Use: Scroll            |     8 |     3 |     8 |    12 ||    31
       Potion            |       |     2 |     1 |     6 ||     9
Armor: Robe              |    26 |    56 |     9 |       ||    91
       Steam dragon scal |       |       |    39 |   134 ||   173
Dodge: Dodged            |    25 |    45 |    72 |   231 ||   373
Block: Kite shield       |     2 |    34 |    56 |   120 ||   212
       Tower shield      |       |       |       |   174 ||   174

Table legend:
 A = Non-vault XP
 B = Vault XP
 C = Vault XP percentage of total XP
 D = Non-vault monster count
 E = Vault monster count
 F = Vault count percentage of total count
                 A         B        C        D         E       F
            +---------+---------+-------+---------+---------+-------
      Total |   18948 |    5976 |  24.0 |     190 |      53 |  21.8
            +---------+---------+-------+---------+---------+-------
        D:1 |      25 |       0 |   0.0 |      14 |       0 |   0.0
        D:2 |      30 |      30 |  50.0 |      11 |      16 |  59.3
        D:3 |     145 |       0 |   0.0 |      21 |       0 |   0.0
        D:4 |     135 |       0 |   0.0 |       9 |       0 |   0.0
        D:5 |     463 |     596 |  56.3 |       8 |      10 |  55.6
        D:6 |    1524 |       0 |   0.0 |      28 |       0 |   0.0
        D:7 |    1471 |       0 |   0.0 |      17 |       0 |   0.0
        D:8 |    1298 |       0 |   0.0 |      20 |       0 |   0.0
        D:9 |    2228 |    1069 |  32.4 |      19 |       3 |  13.6
       D:10 |    1234 |    1651 |  57.2 |       7 |       7 |  50.0
     Lair:1 |    5822 |     883 |  13.2 |      22 |       1 |   4.3
     Lair:2 |    4573 |    1747 |  27.6 |      14 |      16 |  53.3
            +---------+---------+-------+---------+---------+-------
